 Dungeon Crawl Stone Soup version 0.27-a0-531-gb72ec1a1b6 (webtiles) character file.

Game seed: 15775038669408346194

179672 Morbidden the Carver (level 17, 0/131 HPs)
             Began as a Demonspawn Fighter on Mar 5, 2021.
             Was the Champion of Cheibriados.
             Hit by a silver javelin thrown by a merfolk javelineer (16 damage)
             ... on level 3 of the Shoals.
             The game lasted 01:08:10 (34900 turns).

Morbidden the Carver (Demonspawn Fighter)          Turns: 34900, Time: 01:08:11

Health: 0/131      AC: 18    Str: 40    XL:     17   Next: 61%
Magic:  0/29       EV: 23    Int: 29    God:    Cheibriados [******]
Gold:   3456       SH: 17    Dex: 32    Spells: 20/32 levels left

rFire    . . .     SeeInvis +   o - +4 demon blade (venom)
rCold    . . .     Faith    .   c - +1 kite shield
rNeg     + . .     Spirit   +   N - +5 robe of Night {Dark Will+ SInv}
rPois    .         Reflect  .   k - +2 helmet of Forking Paths {rN+ Str+2 Dex+2}
rElec    .         Harm     .   u - +2 cloak
rCorr    .         Rampage  .   B - +0 pair of gloves
Will     +++..                  (boots unavailable)
Stlth    +++++.....             O - amulet of guardian spirit
HPRegen  0.31/turn              p - +4 ring of slaying
MPRegen  0.21/turn              W - +6 ring of strength

@: studying Ice Magic, very slow
A: hooves 3, yellow scales 2, blink, blurry vision 1, strong-willed 1, spiny 2,
demonic magic 2
a: Blink, Renounce Religion, Bend Time, Temporal Distortion, Slouch, Step From
Time


You were on level 3 of the Shoals.
You worshipped Cheibriados.
Cheibriados was exalted by your worship.
You visited 5 branches of the dungeon, and saw 27 of its levels.
You visited the Abyss 1 time.
You also visited: Ossuary, Bailey, Gauntlet and Ice Cave.

You collected 3456 gold pieces.

Inventory:

Hand Weapons
 a - a +5 scimitar of flaming
 b - a +4 dagger of venom
 o - a +4 demon blade of venom (weapon)
 E - a +0 quarterstaff of freezing
Missiles
 y - 48 javelins
 D - 36 poisoned darts
 L - 53 boomerangs (quivered)
 R - 5 throwing nets
 S - 4 curare-tipped darts
 V - 8 silver boomerangs
Armour
 c - a +1 kite shield (worn)
 k - the +2 helmet of Forking Paths (worn) {rN+ Str+2 Dex+2}
   (You found it in a Gauntlet)

   It affects your strength (+2).
   It affects your dexterity (+2).
   It protects you from negative energy.
 r - a +4 ring mail of willpower
 u - a +2 cloak (worn)
 B - a +0 pair of gloves (worn)
 N - the +5 robe of Night (worn) {Dark Will+ SInv}
   (You took it off an orc warrior in a bailey)

   It affects your willpower, your defense against some magical effects.
   It lets you see invisible.
Jewellery
 p - a +4 ring of slaying (left hand)
 J - a ring of protection from cold
 K - a +6 ring of intelligence
 O - an amulet of guardian spirit (around neck)
 T - a ring of protection from fire
 W - a +6 ring of strength (right hand)
 X - a ring of poison resistance
Wands
 f - a wand of acid (9)
 t - a wand of mindburst (19)
 F - a wand of flame (68)
 I - a wand of iceblast (40)
 M - a wand of digging (4)
 Q - a wand of polymorph (25)
 Y - a wand of charming (17)
Scrolls
 e - 8 scrolls of teleportation
 m - 7 scrolls of identify
 n - 2 scrolls of fog
 s - 4 scrolls of blinking
 x - 5 scrolls of enchant armour
 A - 7 scrolls of immolation
 H - 2 scrolls of brand weapon
Potions
 d - 7 potions of might
 g - a potion of magic {unknown}
 i - 6 potions of curing
 l - 2 potions of mutation
 v - 4 potions of flight
 w - 8 potions of lignification
 z - 3 potions of brilliance
 C - 4 potions of heal wounds
 G - 10 potions of ambrosia
 U - 2 potions of cancellation
 Z - 3 potions of invisibility
Miscellaneous
 P - a condenser vane (inert)


   Skills:
 * Level 11.3 Fighting
 - Level 4.2(10.2) Short Blades
 + Level 13.9(14.1) Long Blades
 * Level 1.6 Staves
 + Level 1.5 Crossbows
 + Level 3.5 Throwing
 + Level 5.5 Armour
 * Level 10.6 Dodging
 * Level 8.6 Stealth
 + Level 10.2 Shields
 * Level 8.3 Spellcasting
 * Level 9.1 Conjurations
 * Level 1.6 Ice Magic
 * Level 12.4 Invocations
 * Level 3.7 Evocations


You had 20 spell levels left.
You knew the following spells:

 Your Spells              Type           Power      Damage    Failure   Level
a - Searing Ray           Conj           100%       3d7       1%          2
b - Ozocubu's Armour      Ice            21%        N/A       12%         3
c - Orb of Destruction    Conj           30%        9d11      85%         7

Your spell library contained the following spells:

 Spells                   Type           Power      Damage    Failure   Level
 Magic Dart               Conj           100%       1d8       1%          1
 Conjure Flame            Conj/Fire      38%        6-21      3%          3
 Dazzling Flash           Conj/Hex       76%        N/A       3%          3
 Stone Arrow              Conj/Erth      76%        3d11      3%          3
 Freeze                   Ice            84%        1d10      4%          1
 Iskenderun's Battlesphe  Conj           60%        2d11      5%          5
 Mephitic Cloud           Conj/Pois/Air  29%        N/A       7%          3
 Animate Skeleton         Necr           24%        N/A       9%          1
 Apportation              Tloc           24%        N/A       9%          1
 Corona                   Hex            13%        N/A       9%          1
 Sandblast                Erth           24%        2d8       9%          1
 Sting                    Tmut/Pois      48%        1d5       9%          1
 Summon Small Mammal      Summ           48%        N/A       9%          1
 Ensorcelled Hibernation  Hex/Ice        32%        N/A       9%          2
 Hailstorm                Conj/Ice       43%        3d10      9%          4
 Passwall                 Tmut/Erth      10%        N/A       12%         2
 Poisonous Vapours        Pois/Air       24%        N/A       12%         2
 Slow                     Hex            12%        N/A       12%         2
 Frozen Ramparts          Ice            42%        1d6       12%         3
 Fulminant Prism          Conj/Hex       19%        3d11      12%         4
 Iskenderun's Mystic Bla  Conj/Tloc      38%        2d9       12%         4
 Confusing Touch          Hex            12%        N/A       24%         3
 Inner Flame              Hex/Fire       12%        N/A       24%         3
 Lesser Beckoning         Tloc           6%         N/A       24%         3
 Portal Projectile        Hex/Tloc       24%        N/A       24%         3
 Tukima's Dance           Hex            12%        N/A       24%         3
 Fireball                 Conj/Fire      19%        3d9       34%         5
 Lightning Bolt           Conj/Air       19%        1d33      34%         5
 Summon Ice Beast         Ice/Summ       16%        N/A       50%         4
 Bolt of Magma            Conj/Fire/Erth 14%        4d8       54%         5
 Cause Fear               Hex            6%         N/A       63%         4
 Leda's Liquefaction      Hex/Erth       6%         N/A       63%         4
 Petrify                  Tmut/Erth      12%        N/A       63%         4
 Iron Shot                Conj/Erth      19%        9d4       88%         6
 Alistair's Intoxication  Tmut/Pois      8%         N/A       92%         5
 Lee's Rapid Deconstruct  Erth           6%         3d7*      92%         5
 Freezing Cloud           Conj/Ice/Air   16%        6-21      96%         6
 Invisibility             Hex            12%        N/A       100%        6
 Spellforged Servitor     Conj/Summ      19%        N/A       100%        7


Dungeon Overview and Level Annotations

Branches:
Dungeon (15/15)            Temple (1/1) D:5            Lair (6/6) D:8
 Shoals (3/4) Lair:4       Spider (0/4) Lair:4        Slime (0/5) Lair:6
    Orc (2/2) D:9             Elf (0/3) Orc:2        Vaults (0/5) D:14
Ossuary (visited)          Bailey (visited)           IceCv (visited)
Gauntlet (visited)
 Depths: D:15

Altars:
Ashenzari
Cheibriados
Dithmenos
Elyvilon
Fedhas
Gozag
Hepliaklqana
Kikubaaqudgha
Makhleb
Nemelex Xobeh
Okawaru
Qazlal
Ru
Sif Muna
Vehumet
Wu Jian
Zin
The Shining One

Shops:
D:8 (   D:13 (   Orc:2 (=((   Shoals:2 [[

Annotations:
D:3 2 transporters, Morbidden's ghost, weakling DsAE
D:5 3 runed translucent doors, Napalmbreeze's ghost, novice BaIE
D:13 Sonja
Lair:6 exclusion: 2 oklob plants


Innate Abilities, Weirdness & Mutations

You have hooves in place of feet.
You are mostly covered in yellow scales. (AC +3)
You are mostly covered in sharp spines.
Spells you cast may paralyse nearby enemies.
You can translocate small distances at will.
Scrolls take you a little longer to read.
You are strong-willed. (Will+)


Message History

You block the merfolk javelineer's attack.
Unknown command.
You slice the merfolk!!
The merfolk looks as sick as possible!
You kick the merfolk.
You kill the merfolk!
Cheibriados thoroughly appreciates the change of pace.
The merfolk javelineer throws a silver javelin.
The silver javelin pierces through you!!
* * * LOW HITPOINT WARNING * * *
The silver sears you!
* * * LOW HITPOINT WARNING * * *
Unknown command.
The merfolk javelineer throws a silver javelin.
The silver javelin pierces through you.
* * * LOW HITPOINT WARNING * * *
The silver sears you! The merfolk javelineer misses you.
Things that are here:
a +0 trident; 4 boomerangs; a merfolk corpse Unknown command.
You closely miss the merfolk javelineer.
You kick the merfolk javelineer.
The merfolk javelineer is lightly wounded.
Unknown command.
Unknown command.
You slice the merfolk javelineer!!
The merfolk javelineer looks as sick as possible!
Your kick misses the merfolk javelineer.
The merfolk javelineer is moderately wounded.
The merfolk javelineer throws a silver javelin.
The silver javelin pierces through you.
* * * LOW HITPOINT WARNING * * *
The silver sears you!
* * * LOW HITPOINT WARNING * * *
You slice the merfolk javelineer!!
The merfolk javelineer looks as sick as possible!
You kick the merfolk javelineer.
The merfolk javelineer is severely wounded.
The merfolk javelineer throws a silver javelin.
The silver javelin pierces through you!!
You die...

≈..≈≈≈≈≈≈≈≈
...≈≈≈≈≈≈≈≈ ≈≈≈≈≈
...≈≈≈≈≈≈≈≈ ≈≈≈≈≈
≈≈≈≈≈≈≈.... ≈≈≈≈≈
≈≈≈≈≈≈≈.# ≈≈≈≈≈
≈≈≈≈.≈$)≈.# ##.≈≈≈≈
...≈≈.≈≈)≈.###..≈≈≈≈
...≈≈≈≈≈≈≈≈.##.≈≈≈≈≈≈
#..≈≈≈≈≈≈≈≈.m@≈≈≈≈≈≈≈
##.≈≈≈≈≈≈≈≈≈≈≈≈≈≈≈≈≈≈
#..≈≈..≈≈≈≈≈≈≈≈≈≈≈≈≈≈
..≈≈.<.≈≈≈≈≈≈≈≈≈≈≈≈≈≈
.≈≈≈≈≈≈≈≈≈≈≈≈≈≈≈≈≈≈≈≈
≈≈≈≈≈≈≈≈≈≈≈≈≈≈≈≈≈≈≈≈.
≈≈≈≈≈≈≈...≈≈≈(≈≈≈≈≈≈≈
.≈≈≈≈≈≈.≈......≈≈≈≈≈≈
...≈≈≈≈≈≈≈..###.≈≈≈≈≈


You could see a merfolk javelineer (extremely poisoned).

Vanquished Creatures
  Frances (D:13)
  A lorocyproca (Abyss:2)
  A minotaur (Gauntlet)
  A dire elephant (Lair:6)
  Azrael (D:12)
  A merfolk javelineer (Shoals:2)
  2 merfolk impalers
  2 boulder beetles
  10 hydras
  Harold (D:11)
  Fannar (Lair:2)
  2 merfolk avatars
  5 centaur warriors
  A deep troll shaman (Lair:6)
  2 merfolk aquamancers
  2 dancing weapons (D:14)
  2 catoblepae (Lair:6)
  A death knight (D:13)
  9 death yaks (Lair:6)
  7 two-headed ogres
  A thrashing horror (Abyss:2)
  5 orc high priests (Orc:2)
  A soul eater (Gauntlet)
  An unseen horror (D:12)
  A spatial maelstrom (Abyss:2)
  5 sea snakes
  A shadow demon (Abyss:2)
  13 wizards (D:13)
  A shadow dragon zombie (Abyss:2)
  A deep elf zephyrmancer (D:13)
  A lindwurm (Lair:3)
  9 orc knights
  A phantasmal warrior (D:13)
  A mana viper (Abyss:2)
  A wolf spider zombie (D:14)
  9 ugly things
  5 fauns (Shoals:2)
  7 deep elf pyromancers (D:13)
  3 orc sorcerers
  3 cyclopes
  12 manticores
  16 elephants
  4 merfolk sirens
  Maurice (D:12)
  8 black mambas
  A gargoyle (D:14)
  3 ice statues (IceCv)
  4 centaur zombies
  8 cane toads
  A water nymph (Shoals:2)
  Maggie (D:8)
  A minotaur zombie (Gauntlet)
  2 torpor snails
  Psyche (D:12)
  A redback zombie (D:14)
  8 komodo dragons
  A freezing wraith (D:13)
  An efreet (D:14)
  13 rime drakes
  2 kobold demonologists (D:11)
  2 polar bears
  2 ice devils (D:13)
  An ancient zyme (Abyss:2)
  2 queen bees
  A wind drake (shapeshifter) (Gauntlet)
  17 merfolk
  6 meliai (D:13)
  6 trolls
  Prince Ribbit (D:6)
  4 blink frogs (Lair:1)
  A hornet (D:8)
  8 slime creatures
  4 wind drakes
  12 dream sheep
  A dream sheep (shapeshifter) (Gauntlet)
  2 redbacks (Lair:4)
  6 snapping turtles
  A ynoxinul (Abyss:2)
  A shadow (D:13)
  2 wraiths
  6 wyverns
  3 fire bats (Orc:2)
  Eustachio (D:4)
  6 water elementals
  2 vampires
  2 yaks (shapeshifter)
  59 yaks
  5 basilisks
  A chaos spawn (Abyss:2)
  4 fire elementals (D:12)
  A neqoxec (Abyss:2)
  Grum (D:9)
  13 steam dragons
  A warg (Orc:1)
  A soldier ant (D:13)
  Edmund (D:6)
  2 spatial vortices (Abyss:2)
  An acid dragon (D:13)
  2 hell hounds (D:12)
  12 water moccasins
  6 large abominations (Abyss:2)
  Duvessa (D:5)
  47 orc warriors
  7 sky beasts
  10 ice beasts
  4 black bears
  A necrophage (D:11)
  10 ogres
  An eye of draining (D:14)
  11 wolves
  14 centaurs
  2 phantoms
  4 kobold brigands
  18 bullfrogs
  6 water moccasin zombies
  Dowan (D:5)
  8 scorpions
  3 small abominations (Abyss:2)
  40 killer bees
  An electric eel (Lair:3)
  19 wights
  4 howler monkeys
  3 hounds
  2 quasits
  2 bullfrog zombies
  3 iron imps (Abyss:2)
  40 orc priests
  Crazy Yiuf (D:4)
  4 jellies
  2 bullfrog skeletons
  6 centaur skeletons
  Terence (D:2)
  13 hell rats
  10 worker ants
  4 iguanas
  25 orc wizards
  2 hound zombies
  A hound skeleton (D:8)
  2 mummies (Ossuary)
  3 gnolls (Orc:1)
  A howler monkey skeleton (D:9)
  7 adders
  4 shadow imps
  A white imp (D:7)
  An ufetubus (D:10)
  2 oozes
  3 adder zombies (Ossuary)
  7 worms
  4 dart slugs
  4 leopard geckos
  110 orcs
  5 giant cockroaches
  6 gnoll zombies (Ossuary)
  3 hobgoblins
  5 jackals (D:4)
  18 kobolds
  3 quokkas
  3 ball pythons
  10 bats
  7 frilled lizards
  5 goblins
  5 hobgoblin zombies (Ossuary)
  5 kobold zombies (Ossuary)
  4 orc zombies (Ossuary)
  A quokka skeleton (D:4)
  7 rats
989 creatures vanquished.

Vanquished Creatures (others)
  An ugly thing (IceCv)
  A small abomination (Abyss:2)
  37 fungi
  69 plants
  26 withered plants
134 creatures vanquished.

Grand Total: 1123 creatures vanquished

Notes
Turn   | Place    | Note
-------+----------+-------------------------------------------
     0 | D:1      | Morbidden the Demonspawn Fighter began the quest for the
                  | Orb.
     0 | D:1      | Reached XP level 1. HP: 18/18 MP: 1/1
   189 | D:1      | Gained mutation: You are partially covered in sharp spines.
                  | [demonic ancestry]
   189 | D:1      | Reached XP level 2. HP: 24/24 MP: 2/2
   548 | D:1      | Reached skill level 2 in Long Blades
   887 | D:2      | Reached XP level 3. HP: 24/29 MP: 3/3
  1272 | D:2      | Found a blossoming altar of Fedhas.
  1547 | D:2      | Gained mutation: You have large cloven feet. [demonic
                  | ancestry]
  1547 | D:2      | Reached XP level 4. HP: 37/37 MP: 4/4
  1660 | D:2      | Noticed Terence
  1818 | D:2      | Killed Terence
  1899 | D:2      | Found a shimmering blue altar of Sif Muna.
  1916 | D:2      | Found a radiant altar of Vehumet.
  2150 | D:3      | Reached skill level 3 in Long Blades
  2200 | D:3      | Noticed Morbidden's ghost (weakling DsAE)
  2220 | D:3      | Found a transporter.
  2279 | D:3      | Found a burning altar of Makhleb.
  2518 | D:3      | Found a transporter.
  2555 | D:3      | Gained mutation: You are partially covered in yellow
                  | scales. (AC +2) [demonic ancestry]
  2555 | D:3      | Reached XP level 5. HP: 42/42 MP: 5/5
  3394 | D:4      | Noticed an ogre
  3413 | D:4      | Killed an ogre
  3414 | D:4      | Reached skill level 1 in Dodging
  3414 | D:4      | Gained mutation: You are mostly covered in yellow scales.
                  | (AC +3) [demonic ancestry]
  3414 | D:4      | Reached XP level 6. HP: 48/48 MP: 6/6
  3528 | D:4      | Reached skill level 4 in Long Blades
  3680 | D:4      | Found a runed translucent door.
  3680 | D:4      | Noticed Eustachio
  3681 | D:4      | Noticed Crazy Yiuf
  4372 | D:4      | Killed Crazy Yiuf
  4385 | D:4      | Killed Eustachio
  4386 | D:4      | Gained mutation: You have hoof-like feet. [demonic
                  | ancestry]
  4386 | D:4      | Reached XP level 7. HP: 55/55 MP: 7/7
  4418 | D:5      | Entered Level 5 of the Dungeon
  4443 | D:5      | Found a staircase to the Ecumenical Temple.
  4488 | Temple   | Entered the Ecumenical Temple
  4523 | Temple   | Became a worshipper of Cheibriados the Contemplative
  4580 | D:5      | Found a runed translucent gate.
  4581 | D:5      | Noticed Napalmbreeze's ghost (novice BaIE)
  4582 | D:5      | Found a runed translucent gate.
  4583 | D:5      | Found a runed translucent gate.
  4647 | D:5      | Reached skill level 5 in Long Blades
  4854 | D:5      | Reached skill level 1 in Invocations
  5076 | D:5      | Noticed Duvessa
  5080 | D:5      | Noticed Dowan
  5083 | D:5      | Killed Duvessa
  5094 | D:5      | Killed Dowan
  5326 | D:6      | Gained mutation: You have hooves in place of feet. [demonic
                  | ancestry]
  5326 | D:6      | Reached XP level 8. HP: 48/61 MP: 9/9
  5332 | D:6      | Reached skill level 6 in Long Blades
  5373 | D:6      | Reached * piety under Cheibriados
  5404 | D:6      | Found a sand-covered staircase.
  5419 | Ossuary  | Entered an ossuary
  5540 | Ossuary  | Reached skill level 5 in Fighting
  5546 | Ossuary  | Reached ** piety under Cheibriados
  5755 | D:6      | Noticed Edmund
  5765 | D:6      | Killed Edmund
  5803 | D:6      | Noticed Prince Ribbit
  5811 | D:6      | Killed Prince Ribbit
  5812 | D:6      | Reached skill level 7 in Long Blades
  5812 | D:6      | Reached skill level 1 in Throwing
  5929 | D:6      | Reached XP level 9. HP: 33/68 MP: 11/11
  6562 | D:7      | Found a hazy altar of Hepliaklqana.
  6647 | D:7      | Reached skill level 8 in Long Blades
  6647 | D:7      | Reached skill level 1 in Stealth
  6691 | D:7      | Found a sparkling altar of Nemelex Xobeh.
  6960 | D:8      | Found Ynattur's Antique Weapon Boutique.
  7286 | D:8      | Noticed an elephant
  7301 | D:8      | Reached *** piety under Cheibriados
  7305 | D:8      | Noticed Maggie
  7318 | D:8      | Killed an elephant
  7326 | D:8      | Reached skill level 5 in Armour
  7327 | D:8      | Reached skill level 5 in Shields
  7331 | D:8      | Reached XP level 10. HP: 24/76 MP: 13/13
  7367 | D:8      | Reached skill level 9 in Long Blades
  7367 | D:8      | Killed Maggie
  7368 | D:8      | Reached skill level 5 in Invocations
  7690 | D:8      | Found a staircase to the Lair.
  7735 | D:8      | Reached **** piety under Cheibriados
  8031 | D:8      | Found an iron altar of Okawaru.
  8155 | D:8      | Learned a level 7 spell: Orb of Destruction
  8471 | D:9      | Found a flagged portal.
  8482 | Bailey   | Entered a bailey
  8482 | Bailey   | Noticed an orc knight
  8482 | Bailey   | Noticed an orc knight
  8483 | Bailey   | Noticed an orc knight
  8833 | Bailey   | Killed an orc knight
  8834 | Bailey   | Reached skill level 1 in Conjurations
  8834 | Bailey   | Reached skill level 1 in Evocations
  8856 | Bailey   | Killed an orc knight
  8857 | Bailey   | Reached skill level 1 in Spellcasting
  8890 | Bailey   | Killed an orc knight
  9054 | Bailey   | Noticed an orc knight
  9065 | Bailey   | Reached skill level 1 in Crossbows
  9068 | Bailey   | Killed an orc knight
  9429 | D:9      | Reached skill level 5 in Dodging
  9438 | D:9      | Noticed Grum
  9445 | D:9      | Reached XP level 11. HP: 82/84 MP: 15/15
  9447 | D:9      | Killed Grum
  9939 | D:9      | Found a broken altar of Ashenzari.
 10133 | D:9      | Reached ***** piety under Cheibriados
 10903 | D:9      | Found a staircase to the Orcish Mines.
 10968 | D:10     | Entered Level 10 of the Dungeon
 11293 | D:10     | Noticed a two-headed ogre
 11297 | D:10     | Killed a two-headed ogre
 11522 | D:10     | Noticed a two-headed ogre
 11525 | D:10     | Reached skill level 10 in Long Blades
 11528 | D:10     | Killed a two-headed ogre
 11985 | D:10     | Found a large runed translucent door.
 11993 | D:10     | Found a large runed translucent door.
 12178 | D:10     | Found an iron altar of Okawaru.
 12178 | D:10     | Found an iron altar of Okawaru.
 12531 | D:11     | Noticed Harold
 12535 | D:11     | Noticed a red ugly thing
 12537 | D:11     | Noticed a sixfirhy
 12540 | D:11     | Killed a red ugly thing
 12552 | D:11     | Killed Harold
 13546 | D:12     | Noticed Maurice
 13552 | D:12     | Gained mutation: Spells you cast may paralyse adjacent
                  | enemies. [demonic ancestry]
 13552 | D:12     | Reached XP level 12. HP: 89/92 MP: 15/17
 13559 | D:12     | Killed Maurice
 13604 | D:12     | Reached skill level 11 in Long Blades
 13734 | D:12     | Reached ****** piety under Cheibriados
 13805 | D:12     | Noticed Azrael
 13810 | D:12     | Reached skill level 1 in Short Blades
 13817 | D:12     | Killed Azrael
 14161 | D:12     | Noticed Psyche
 14176 | D:12     | Killed Psyche
 15256 | D:13     | Noticed a two-headed ogre
 15267 | D:13     | Killed a two-headed ogre
 15282 | D:13     | Noticed a centaur warrior
 15288 | D:13     | Reached skill level 5 in Conjurations
 15290 | D:13     | Killed a centaur warrior
 15332 | D:13     | Found Doptatei's Antique Weapon Shoppe.
 15332 | D:13     | Noticed Frances
 15353 | D:13     | Killed Frances
 15354 | D:13     | Gained mutation: Spells you cast may paralyse nearby
                  | enemies. [demonic ancestry]
 15354 | D:13     | Reached XP level 13. HP: 42/99 MP: 10/20
 15391 | D:13     | Found a frozen archway.
 15456 | IceCv    | Entered an ice cave
 15922 | IceCv    | Reached skill level 5 in Spellcasting
 17229 | D:13     | Noticed Sonja
 17261 | D:13     | Cast into level 2 of the Abyss (a wizard)
 17271 | Abyss:2  | Identified the +0 ring mail of Oblivion {rN+ Will+}
 17452 | Abyss:2  | Reached skill level 12 in Long Blades
 17597 | Abyss:2  | Noticed a lorocyproca
 17605 | Abyss:2  | Killed a lorocyproca
 17743 | Abyss:2  | Noticed a starcursed mass
 17955 | Abyss:2  | Found a corrupted altar of Lugonu.
 18033 | Abyss:2  | Reached skill level 10 in Invocations
 18103 | D:13     | Escaped the Abyss
 18110 | D:13     | Reached XP level 14. HP: 108/108 MP: 22/22
 18849 | D:13     | Found a broken altar of Ashenzari.
 19116 | D:14     | Reached skill level 5 in Stealth
 19538 | D:14     | Found a gate to the Vaults.
 19910 | D:14     | Reached skill level 10 in Fighting
 20097 | D:15     | Entered Level 15 of the Dungeon
 20288 | D:15     | Reached skill level 13 in Long Blades
 20820 | Lair:1   | Entered Level 1 of the Lair of Beasts
 22131 | Lair:2   | Reached XP level 15. HP: 115/115 MP: 25/25
 22410 | Lair:2   | Noticed Fannar
 22414 | Lair:2   | Killed Fannar
 22467 | Lair:2   | Gained mutation: You are mostly covered in sharp spines.
                  | [demonic ancestry]
 22467 | Lair:2   | Reached XP level 16. HP: 122/122 MP: 26/26
 25038 | Lair:4   | Learned a level 2 spell: Searing Ray
 25211 | Lair:4   | Found a hole to the Spider Nest.
 25335 | Lair:4   | Found a staircase to the Shoals.
 26363 | Lair:6   | Entered Level 6 of the Lair of Beasts
 27137 | Lair:6   | Reached skill level 10 in Dodging
 27434 | Lair:6   | Found a staircase to the Slime Pits.
 28539 | Lair:6   | Identified Wygefi's Papyrus of Virous Conjuration
 28549 | Lair:6   | Identified the +11 flail of Wyrd {vorpal, Str+6}
 28789 | Orc:1    | Entered Level 1 of the Orcish Mines
 29248 | Orc:2    | Entered Level 2 of the Orcish Mines
 29249 | Orc:2    | Identified a scroll of acquirement
 29249 | Orc:2    | Acquired a +3 demon blade of venom
 29281 | Orc:2    | Found a gate leading to a gauntlet.
 29289 | Gauntlet | Entered a Gauntlet
 29289 | Gauntlet | Found a transporter.
 29289 | Gauntlet | Found a transporter.
 29298 | Gauntlet | Found a transporter.
 29352 | Gauntlet | Found a transporter.
 29357 | Gauntlet | Found the +13 scythe of Curses {drain, *Drain}
 29360 | Gauntlet | Found a transporter.
 29360 | Gauntlet | Found a transporter.
 29386 | Gauntlet | Found a transporter.
 29418 | Gauntlet | Found a transporter.
 29445 | Gauntlet | Found a transporter.
 29453 | Gauntlet | Found a transporter.
 29479 | Gauntlet | Found a transporter.
 29485 | Gauntlet | Found a transporter.
 29584 | Gauntlet | Reached skill level 10 in Shields
 29584 | Gauntlet | Reached XP level 17. HP: 130/130 MP: 28/28
 29662 | Gauntlet | Identified the +2 helmet of Forking Paths {rN+ Str+2 Dex+2}
 29725 | Gauntlet | Identified the +0 helmet "Ocie" {rElec Str+4 Dex+3}
 30395 | Orc:2    | Gained mutation: Scrolls take you a little longer to read.
                  | [a neqoxec]
 30667 | Orc:2    | Found a staircase to the Elven Halls.
 31113 | Orc:2    | Found Vaneec's Antique Weapon Boutique.
 31113 | Orc:2    | Found Jalisue's Weapon Boutique.
 31114 | Orc:2    | Found Befyir's Jewellery Shop.
 31115 | Orc:2    | Found Enoik's Antique Weapon Boutique.
 31459 | Shoals:1 | Entered Level 1 of the Shoals
 32245 | Shoals:1 | Identified the -6 buckler of Dim Light {MP-9 Int+6}
 32562 | Shoals:2 | Found Beylab's Antique Armour Shoppe.
 32733 | Shoals:2 | Learned a level 3 spell: Ozocubu's Armour
 32971 | Shoals:2 | Reached skill level 1 in Staves
 33028 | Shoals:2 | Identified the +2 scale mail of Generosity {rElec rN+ Int-2
                  | Stlth+}
 33429 | Shoals:2 | Found Gijao's Antique Armour Shoppe.
 33474 | Shoals:2 | Lost mutation: Scrolls take you a little longer to read.
                  | [potion of mutation]
 33474 | Shoals:2 | Gained mutation: Scrolls take you a little longer to read.
                  | [potion of mutation]
 33474 | Shoals:2 | Gained mutation: You can translocate small distances at
                  | will. [potion of mutation]
 33474 | Shoals:2 | Gained mutation: You are strong-willed. (Will+) [potion of
                  | mutation]
 33510 | Shoals:2 | Reached skill level 1 in Ice Magic
 34900 | Shoals:3 | Hit by a silver javelin thrown by a merfolk javelineer

Illustrated notes

Levels and vault maps discovered:
D:1:      evilmike_arrival_rings, layout_basic
D:2:      wander_river, layout_rooms, fedhas_ov_isle_minmay,
          amethyst_overflow_temple_binary, uniq_terence
D:3:      layout_basic, gammafunk_ghost_stat_death, kennysheep_small_spiral,
          bloody_makhleb
D:4:      layout_loops_ring, hangedman_minor_gate_pass, uniq_crazy_yiuf_cottage,
          uniq_eustachio
D:5:      layout_loops_ring, elyvilon_altar_1, temple_pool_b,
          gammafunk_ghost_split, uniq_duvessa
D:6:      layout_basic, lightli_ossuary_entry_decrepit_ruins,
          uniq_prince_ribbit1, uniq_edmund
D:7:      layout_cave_pools, lemuel_doored_altar, overflow_temple_1_default
D:8:      layout_basic, gammafunk_temple_overflow_elements, david_lair_generic,
          serial_curves, eino_curves_01, eino_curves_03, serial_shops, shop,
          uniq_maggie
D:9:      layout_layer_cave, hiddenorc1_lemuel, enter_bailey_4,
          evilmike_ruin_ashenzari, uniq_grum
D:10:     okawaru_arena_lexackson, layout_stronghold, fountainhead,
          minmay_misc_feat_columns
D:11:     layout_layer_cave, minivault_5, uniq_harold
D:12:     layout_grid_maze, uniq_psyche, uniq_azrael, uniq_maurice
D:13:     minmay_tri_stars, layout_irregular_city, basic_altar,
          portal_ice_cave_demonic_guard, serial_shops, nicolae_shop_crystal,
          uniq_sonja, uniq_frances, uniq_urug
D:14:     layout_loops_ring, erik_vaults_1, chequers_serial_rivers_micro_c
D:15:     gammafunk_depths_entry_grave, layout_long_grid, minmay_misc_feat_x,
          hellmonk_ghost_happy_afterlife, hangedman_decor_riveting,
          nicolae_gozag_seed_capital
Temple:   eino_narrow_crystal_temple
Lair:1:   layout_roguey [special_room_bee], grunt_megastairs_1
Lair:2:   layout_cave_pods, chequers_serial_rivers_small_b, minivault_11,
          chequers_serial_rivers_small_3, uniq_fannar
Lair:3:   layout_roguey, serial_bayou_lagoon_a, bobbens_dragon_lair_wall,
          lemuel_fruit_fields
Lair:4:   layout_roguey [special_room_mythical_zoo], minmay_shoals_entry_hut,
          spider_nest_entry_funnel_web, small_statue_intersection
Lair:5:   layout_hall_layers, lemuel_fruit_tree
Lair:6:   grunt_lair_end_beastmaster, layout_loops_ring,
          minmay_slime_entry_pillars, serial_bayou_crossing,
          minmay_lair_oklob_chamber
Shoals:1: layout_shoals
Shoals:2: layout_shoals, serial_shops, shop, shop
Shoals:3: layout_shoals, gammafunk_ghost_tricky_traps
Orc:1:    layout_diamond_mine
Orc:2:    st_orc_pillars, layout_caves, nicolae_volcano_entry_batcave,
          gauntlet_entry_generic, nicolae_orc_rockfall

Skill      XL: |  1  2  3  4  5  6  7  8  9 10 11 12 13 14 15 16 17 |
---------------+----------------------------------------------------+-----
Long Blades    | 2 3 4 5 7 8 9 10 11 12 13 | 13.9
Shields        | 3 4 5 6 7 9 10 | 10.2
Armour         | 3 4 5 |  5.5
Fighting       | 4 5 6 7 8 9 10 11 | 11.3
Dodging        | 1 2 3 4 5 7 8 9 10 | 10.6
Invocations    | 1 3 4 6 7 8 10 11 12 | 12.4
Throwing       | 1 2 3 |  3.5
Stealth        | 1 2 4 5 6 7 8 |  8.6
Conjurations   | 2 3 5 6 7 8 9 |  9.1
Evocations     | 2 3 |  3.7
Spellcasting   | 1 3 4 5 6 7 8 |  8.3
Crossbows      | 1 |  1.5
Short Blades   | 2 3 4 |  4.2
Staves         | 1 |  1.6
Ice Magic      | 1 |  1.6

Action                   |  1- 3 |  4- 6 |  7- 9 | 10-12 | 13-15 | 16-18 || total
-------------------------+-------+-------+-------+-------+-------+-------++-------
Melee: Long sword        |    89 |    65 |       |       |       |       ||   154
       Kick              |       |    30 |    85 |   204 |   368 |   515 ||  1202
       Scimitar          |       |    22 |   208 |   249 |   274 |   120 ||   873
       Dagger            |       |       |       |   113 |   263 |   358 ||   734
       Unarmed           |       |       |       |     5 |       |       ||     5
       Demon blade       |       |       |       |       |       |   363 ||   363
 Fire: Arbalest          |       |       |       |    16 |       |       ||    16
Throw: Stone             |     5 |    21 |    27 |    22 |       |       ||    75
       Dart              |       |       |     3 |       |       |    11 ||    14
       Boomerang         |       |       |       |    35 |    12 |    26 ||    73
 Cast: Searing Ray       |       |       |       |       |       |    22 ||    22
       Ozocubu's Armour  |       |       |       |       |       |     3 ||     3
Invok: Slouch            |       |       |       |     6 |       |     3 ||     9
Evoke: Wand              |       |       |       |    69 |       |       ||    69
       Condenser vane    |       |       |       |     1 |     1 |     1 ||     3
  Use: Scroll            |       |     3 |     4 |     5 |    17 |     4 ||    33
       Potion            |       |     1 |     3 |     5 |     4 |     1 ||    14
 Stab: Sleeping          |       |       |       |     8 |    19 |    34 ||    61
       Confused          |       |       |       |     4 |       |       ||     4
       Distracted        |       |       |       |       |     4 |     6 ||    10
       Petrified         |       |       |       |       |       |     1 ||     1
       Paralysed         |       |       |       |       |       |     3 ||     3
Armor: Scale mail        |    10 |       |       |       |       |       ||    10
       Plate armour      |    61 |     8 |       |       |       |       ||    69
       Ring mail         |       |    25 |    94 |    28 |    22 |       ||   169
       Skin              |       |       |       |    11 |       |       ||    11
       Robe              |       |       |       |    45 |    84 |   125 ||   254
Dodge: Dodged            |    14 |    22 |    74 |   173 |   254 |   454 ||   991
Block: Kite shield       |    49 |    36 |   139 |   281 |   412 |   614 ||  1531
       Rpst.: Long sword |     7 |     6 |       |       |       |       ||    13
       Scimitar          |       |     3 |    17 |    26 |    36 |    13 ||    95
       Demon blade       |       |       |       |       |       |    53 ||    53

Table legend: (Time is in decaauts)
 A = Elapsed time spent in this place.
 B = Non-inter-level travel time spent in this place.
 C = Inter-level travel time spent in this place.
 D = Time resting spent in this place.
 E = Time spent auto-exploring this place.
 F = Levels seen in this place.
 G = Mean time per level.
                   A        B        C        D        E       F      G
               +--------+--------+--------+--------+--------+-----+--------+
         Total |  50014 |  47040 |   2974 |   3680 |  34246 |  32 | 1562.9 |
       Dungeon |  25033 |  23522 |   1511 |   1332 |  18214 |  15 | 1668.9 |
        Temple |     42 |     26 |     16 |      0 |     18 |   1 |   42.0 |
          Lair |  12921 |  11613 |   1308 |    320 |   9870 |   6 | 2153.5 |
        Shoals |   4902 |   4820 |     82 |    360 |   3671 |   3 | 1634.0 |
  Orcish Mines |   2878 |   2823 |     55 |    331 |   1794 |   2 | 1439.0 |
         Abyss |   1132 |   1132 |      0 |    133 |    381 |   1 | 1132.0 |
       Ossuary |    232 |    232 |      0 |      0 |    121 |   1 |  232.0 |
        Bailey |    971 |    971 |      0 |    360 |    141 |   1 |  971.0 |
      Ice Cave |   1113 |   1113 |      0 |    844 |     14 |   1 | 1113.0 |
      Gauntlet |    785 |    785 |      0 |      0 |     21 |   1 |  785.0 |
               +--------+--------+--------+--------+--------+-----+--------+

Top non-repeatable levels by time:
    D:12: 3216 daAuts
  Lair:6: 3181 daAuts
     D:9: 3059 daAuts
    D:13: 2903 daAuts
Shoals:2: 2782 daAuts
  Lair:2: 2604 daAuts
    D:10: 2225 daAuts
   Orc:2: 2166 daAuts
     D:8: 2112 daAuts
  Lair:4: 2086 daAuts
  Lair:3: 2042 daAuts
    D:14: 1954 daAuts
  Lair:1: 1881 daAuts
Shoals:1: 1848 daAuts
    D:11: 1566 daAuts
